 Dungeon Crawl Stone Soup version 0.24-a0-725-gf1a930fc54 (webtiles) character file.

Game seed: 12907830400610947736, levelgen mode: deterministic

0 Kohma the Vexing (level 1, 0/9 HPs)
             Began as a Spriggan Arcane Marksman on Oct 1, 2019.
             Slain by a hobgoblin
             ... wielding a +0 club
              (5 damage)
             ... on level 1 of the Dungeon.
             The game lasted 00:00:45 (35 turns).

Kohma the Vexing (Spriggan Arcane Marksman)           Turns: 35, Time: 00:00:45

Health: 0/9        AC:  2    Str:  6    XL:     1   Next: 8%
Magic:  3/3        EV: 18    Int: 14    God:
Gold:   0          SH:  0    Dex: 16    Spells: 1/2 levels left

rFire    . . .     SeeInvis +   c - -2 club (curse)
rCold    . . .     Gourm    .   (shield restricted)
rNeg     . . .     Faith    .   e - +0 robe
rPois    .         Spirit   .   (helmet restricted)
rElec    .         Reflect  .   (no cloak)
rCorr    .         Harm     .   (gloves unavailable)
MR       .....                  (boots unavailable)
Stlth    +.........             (no amulet)
HPRegen  0.03/turn              (no ring)
MPRegen  0.08/turn              (no ring)

@: very quick
A: very small, unfitting armour, see invisible, herbivore, speed 3, slow
metabolism 2
a: no special abilities


You were on level 1 of the Dungeon.
You were not hungry.

You visited 1 branch of the dungeon, and saw 1 of its levels.

Inventory:

Hand Weapons
 a - a +0 hunting sling
 c - a cursed -2 club (weapon)
Missiles
 d - 20 sling bullets
Armour
 e - a +0 robe (worn)
Scrolls
 b - a scroll of enchant armour {unknown}
Comestibles
 f - a ration


   Skills:
 - Level 0.7 Fighting
 * Level 2.4 Slings
 + Level 3.0 Dodging
 + Level 1.3 Spellcasting
 + Level 3.6 Hexes


You had one spell level left.
You knew the following spells:

 Your Spells              Type           Power        Failure   Level  Hunger
a - Corona                Hex            ##.....      6%          1    ##.....

Your spell library contained the following spells:

 Spells                   Type           Power        Failure   Level  Hunger
 Slow                     Hex            ##......     9%          2    ###....
 Inner Flame              Hex/Fire       #.......     36%         3    ####...
 Portal Projectile        Hex/Tloc       #.....       36%         3    ####...
 Cause Fear               Hex            ##........   50%         4    #####..
 Leda's Liquefaction      Hex/Erth       #.........   77%         4    #####..


Dungeon Overview and Level Annotations

Branches:
Dungeon (1/15)

Altars:


Innate Abilities, Weirdness & Mutations

You are very small and have problems with some larger weapons.
You are too small for most types of armour.
You have supernaturally acute eyesight. (SInv)
You are a herbivore.
You cover ground extremely quickly.
You need to consume almost no food.


Message History

The kobold is severely wounded.
The kobold misses you. The kobold closely misses you.
You closely miss the kobold.
The kobold is severely wounded.
The kobold misses you.
You hit the kobold but do no damage.
The kobold is severely wounded.
The kobold hits you with a +0 whip.
You closely miss the kobold.
The kobold is severely wounded.
The kobold misses you. x2
You hit the kobold but do no damage.
The kobold is severely wounded.
The kobold closely misses you.
You hit the kobold.
You kill the kobold!
You hit the hobgoblin but do no damage. The hobgoblin closely misses you.
The hobgoblin hits you with a +0 club.
Ouch! That really hurt!
You die...

#..##..###
#..##..##..# #..
#..##..# #.
##....## #. #....#
##.####..#####.
.?.............
###.######%.#####.
......g@....#
....#######.# # .#
##


You could see a hobgoblin.

Vanquished Creatures
  A kobold (D:1)
1 creature vanquished.

Notes
Turn   | Place    | Note
-------+----------+-------------------------------------------
     0 | D:1      | Kohma the Spriggan Arcane Marksman began the quest for the
                  | Orb.
     0 | D:1      | Reached XP level 1. HP: 9/9 MP: 3/3
    35 | D:1      | Slain by a hobgoblin

Levels and vault maps discovered:
D:1:      lightli_iron_boxes, layout_loops_ring, minmay_ruptured

Action                   || total
-------------------------++-------
Melee: Club              ||    19
Armor: Robe              ||     1
Dodge: Dodged            ||    20

Table legend:
 A = Non-vault XP
 B = Vault XP
 C = Vault XP percentage of total XP
 D = Non-vault monster count
 E = Vault monster count
 F = Vault count percentage of total count
                 A         B        C        D         E       F
            +---------+---------+-------+---------+---------+-------
      Total |       1 |       0 |   0.0 |       1 |       0 |   0.0
            +---------+---------+-------+---------+---------+-------
        D:1 |       1 |       0 |   0.0 |       1 |       0 |   0.0
            +---------+---------+-------+---------+---------+-------
